 Dungeon Crawl Stone Soup version 0.25-a0-589-g1e14c549ee (webtiles) character file.

Game seed: 16519829771693347419, levelgen mode: deterministic

433 Kohma the Ruffian (level 6, -17/51 HPs)
             Began as a Draconian Transmuter on Mar 10, 2020.
             Demolished by an orc warrior
             ... wielding a +4 short sword
              (19 damage)
             ... on level 4 of the Dungeon.
             The game lasted 00:12:07 (4801 turns).

Kohma the Ruffian (Draconian Transmuter)            Turns: 4801, Time: 00:12:07

Health: -17/51     AC:  2    Str: 12    XL:     6   Next: 67%
Magic:  6/9        EV: 19    Int: 16    God:
Gold:   211        SH:  0    Dex: 16    Spells: 4/10 levels left

rFire    . . .     SeeInvis .     - Unarmed
rCold    + . .     Gourm    .   (shield currently unavailable)
rNeg     . . .     Faith    .   (armour unavailable)
rPois    x         Spirit   .   (helmet currently unavailable)
rElec    .         Reflect  .   (cloak currently unavailable)
rCorr    .         Harm     .   (gloves currently unavailable)
MR       .....                  (boots currently unavailable)
Stlth    +.........             (no amulet)
HPRegen  0.17/turn              (no ring)
MPRegen  0.11/turn              n - ring of protection from cold

@: spider-form
A: tiny, unfitting armour, AC +6
a: End Transformation


You were on level 4 of the Dungeon.
You were not hungry.
You were a venomous arachnid creature.
You visited 1 branch of the dungeon, and saw 4 of its levels.

You collected 211 gold pieces.

Inventory:

Missiles
 f - 8 poisoned darts (quivered)
 t - 22 arrows
Armour
 e - a +1 cloak (melded)
Jewellery
 j - an uncursed ring of fire
 n - a ring of protection from cold (right front leg)
Wands
 s - a wand of random effects (9)
Scrolls
 a - a scroll of fear {unknown}
 b - a scroll of remove curse
 g - a scroll of immolation
 k - 2 scrolls of fog
 m - a scroll of enchant weapon
 q - a scroll of enchant armour
Potions
 d - 2 potions of curing
 l - a potion of brilliance
 p - a potion of mutation
 r - a potion of lignification
Comestibles
 c - 4 rations
 h - 2 chunks of flesh


   Skills:
 + Level 3.2 Fighting
 - Level 1.7 Dodging
 * Level 5.2 Unarmed Combat
 + Level 2.6 Spellcasting
 * Level 4.0 Transmutations
 - Level 2.0 Poison Magic


You had 4 spell levels left.
You knew the following spells:

 Your Spells              Type           Power        Failure   Level  Hunger
a - Beastly Appendage     Tmut           ###...       12%         1    #......
b - Sticks to Snakes      Tmut           ###.....     16%         2    ##.....
c - Spider Form           Tmut/Pois      ##........   36%         3    ###....

Your spell library contained the following spells:

 Spells                   Type           Power        Failure   Level  Hunger
 Summon Small Mammal      Summ           #...         41%         1    #......
 Call Imp                 Summ           #.......     52%         2    ##.....
 Call Canine Familiar     Summ           #.......     73%         3    ###....
 Summon Guardian Golem    Hex/Summ       #.......     73%         3    ###....
 Ice Form                 Ice/Tmut       #.......     82%         4    #####..
 Summon Ice Beast         Ice/Summ       #.......     97%         4    #####..
 Summon Lightning Spire   Summ/Air       #.......     97%         4    #####..
 Blade Hands              Tmut           ###.......   87%         5    ######.


Dungeon Overview and Level Annotations

Branches:
Dungeon (4/15)
 Temple: D:4-7

Altars:
Elyvilon
Gozag
Wu Jian

Annotations:
D:4 3 runed translucent doors, exclusion: 3 doors, Piu's ghost, novice GnTm


Innate Abilities, Weirdness & Mutations

((Your plain brown scales are hard. (AC +6)))
You cannot fit into any form of body armour.
((You are cold-blooded and may be slowed by cold attacks.))


Message History

You hit the orc warrior.
The orc warrior is heavily wounded.
The orc completely misses you. The orc warrior barely misses you.
You hit the orc warrior but do no damage.
The orc warrior looks as sick as possible!
The orc warrior is heavily wounded.
The orc closely misses you.
The orc warrior hits you with a +4 short sword!!
You closely miss the orc warrior.
The orc warrior is heavily wounded.
The orc closely misses you.
The orc warrior hits you with a +4 short sword!!
* * * LOW HITPOINT WARNING * * *
You bite the orc warrior!
The orc warrior looks as sick as possible!
The orc warrior is almost dead.
The orc hits you from afar with a +0 trident.
* * * LOW HITPOINT WARNING * * *
The orc warrior hits you with a +4 short sword!!
You die...

.........# #.#
########## #.# # #.# #
#.# # #.# #.# #.#
######## ************,*
#......#
,,,,,,,,,,,*,**#s####.#
,*********,#.....oo.#.#
,* *,#####.##.#.#
,****** *,* #.#*,#.#
,,,,,,* #.* #.#*,#.#
,,,,,.####.### #.#*,#.#
,,,,,........# #.#*,#.#
,,,,,........# #.#*,#.#
### ,,,,,........#
*,**,#.#####.#


You could see an orc warrior and an orc.

Vanquished Creatures
  An ogre (D:4)
  A hound (D:4)
  A bullfrog skeleton (D:4)
  A centaur skeleton (D:4)
  Natasha (thrice) (D:2)
  3 worker ants (D:4)
  A hound skeleton (D:4)
  3 adders
  2 oozes
  2 worms (D:2)
  2 dart slugs (D:1)
  A leopard gecko (D:2)
  8 orcs
  7 bats
  3 hobgoblins
  2 jackals (D:2)
  8 kobolds
  A ball python (D:4)
  7 frilled lizards
  5 goblins
  9 rats
71 creatures vanquished.

Vanquished Creatures (collateral kills)
  A gnoll (D:1)
  2 goblins
  A kobold (D:1)
4 creatures vanquished.

Grand Total: 75 creatures vanquished

Notes
Turn   | Place    | Note
-------+----------+-------------------------------------------
     0 | D:1      | Kohma the Draconian Transmuter began the quest for the Orb.
     0 | D:1      | Reached XP level 1. HP: 16/16 MP: 3/3
   380 | D:1      | Reached XP level 2. HP: 21/23 MP: 3/5
   385 | D:1      | Learned a level 2 spell: Sticks to Snakes
   845 | D:1      | Reached XP level 3. HP: 27/29 MP: 3/6
   860 | D:1      | Learned a level 3 spell: Spider Form
  1400 | D:2      | Noticed Natasha
  1421 | D:2      | Killed Natasha
  1421 | D:2      | Reached skill level 1 in Poison Magic
  1504 | D:2      | Reached skill level 4 in Unarmed Combat
  1504 | D:2      | Reached XP level 4. HP: 35/36 MP: 5/7
  1707 | D:2      | Noticed Natasha
  1735 | D:2      | Killed Natasha
  2042 | D:2      | Noticed Natasha
  2058 | D:2      | Killed Natasha
  2306 | D:3      | Found an ornate altar of the Wu Jian Council.
  2616 | D:3      | Reached XP level 5. HP: 25/42 MP: 8/8
  2916 | D:3      | Found a faded altar of an unknown god.
  3614 | D:4      | Found a runed translucent gate.
  3616 | D:4      | Found a runed translucent gate.
  3616 | D:4      | Found an opulent altar of Gozag.
  3618 | D:4      | Found a runed translucent gate.
  3619 | D:4      | Noticed Piu's ghost (novice GnTm)
  3822 | D:4      | Noticed an ogre
  3858 | D:4      | Killed an ogre
  4063 | D:4      | Reached XP level 6. HP: 38/50 MP: 9/9
  4380 | D:4      | Reached skill level 5 in Unarmed Combat
  4629 | D:4      | Found a white marble altar of Elyvilon.
  4793 | D:4      | Noticed an orc warrior
  4801 | D:4      | HP: 2/51 [orc/+0 trident (5)]
  4801 | D:4      | Demolished by an orc warrior

Levels and vault maps discovered:
D:1:      dpeg_arrival_simpleton_c, layout_basic
D:2:      layout_loops_corners, first_ration, uniq_natasha
D:3:      layout_basic, lemuel_crystal_altar,
          chequers_ecumenical_altar_simple_redux, minmay_misc_feat_diagonals
D:4:      layout_basic, ebering_ghost_gozag, minmay_crystal_water,
          elyvilon_altar_3

Skill      XL: |  1  2  3  4  5  6 |
---------------+-------------------+-----
Fighting       | 2 3 |  3.2
Poison Magic   | 1 2 |  2.0
Unarmed Combat | 4 5 |  5.2
Transmutations | 3 4 |  4.0
Dodging        | |  1.7
Spellcasting   | |  2.6

Action                   |  1- 3 |  4- 6 || total
-------------------------+-------+-------++-------
Melee: Unarmed           |    87 |   159 ||   246
       Kick              |     9 |     3 ||    12
       Tailslap          |     3 |    14 ||    17
       Headbutt          |     4 |     2 ||     6
       Punch             |       |     2 ||     2
 Cast: Beastly Appendage |    18 |     6 ||    24
       Sticks to Snakes  |     5 |     7 ||    12
       Spider Form       |       |    11 ||    11
  Use: Scroll            |       |    13 ||    13
 Stab: Sleeping          |     1 |     1 ||     2
  Eat: Chunk             |     3 |     9 ||    12
       Ration            |       |     1 ||     1
Armor: Skin              |    36 |    35 ||    71
Dodge: Dodged            |    57 |   108 ||   165

Table legend:
 A = Non-vault XP
 B = Vault XP
 C = Vault XP percentage of total XP
 D = Non-vault monster count
 E = Vault monster count
 F = Vault count percentage of total count
                 A         B        C        D         E       F
            +---------+---------+-------+---------+---------+-------
      Total |     598 |      21 |   3.4 |      74 |       1 |   1.3
            +---------+---------+-------+---------+---------+-------
        D:1 |      49 |       0 |   0.0 |      25 |       0 |   0.0
        D:2 |     103 |      21 |  16.9 |      22 |       1 |   4.3
        D:3 |      51 |       0 |   0.0 |      13 |       0 |   0.0
        D:4 |     395 |       0 |   0.0 |      14 |       0 |   0.0
            +---------+---------+-------+---------+---------+-------
